 Seeded DCSS version 0.30-a0-715-gdb4ae3ece1 (webtiles) character file.

Game seed: 4706172323264695470 (custom seed)

6 flotson the Sneak (level 1, -3/18 HPs)
             Began as a Demonspawn Delver on Jan 23, 2023.
             Slain by a scorpion (6 damage)
             ... on level 4 of the Dungeon.
             The game lasted 00:01:11 (152 turns).

flotson the Sneak (Demonspawn Delver)                Turns: 152, Time: 00:01:12

Health: -3/18      AC:  5    Str: 12    XL:     1   Next: 75%
Magic:  1/1        EV: 10    Int: 11    God:
Gold:   5          SH:  0    Dex: 14    Spells: 0/0 levels left

rFire   . . .      SeeInvis .    h - +0 spear
rCold   . . .      Faith    .    (no shield)
rNeg    . . .      Spirit   .    e - +0 ring mail
rPois   .          Reflect  .    (no helmet)
rElec   .          Harm     .    (no cloak)
rCorr   .          Rampage  .    (no gloves)
Will    .....                    (no boots)
Stlth   ++                       (no amulet)
HPRegen 0.23/turn                (no ring)
MPRegen 0.07/turn                (no ring)

@: no status effects
A: no striking features
a: no special abilities


You were on level 4 of the Dungeon.
You visited 1 branch of the dungeon, and saw 2 of its levels.

You collected 5 gold pieces.

Inventory:

Hand Weapons
 a - a +0 hand axe
 h - a +0 spear (weapon)
Armour
 e - a +0 ring mail (worn)
Jewellery
 i - a ring of wizardry
Wands
 g - a wand of digging (3)
Scrolls
 c - a scroll of fog
 d - a scroll of magic mapping


   Skills:
 + Level 3.0 Fighting
 + Level 1.8 Axes
 + Level 0.3 Armour
 + Level 1.8 Dodging
 + Level 4.5 Stealth
 + Level 0.2 Evocations


You couldn't memorise any spells.
You didn't know any spells.
Your spell library was empty.

Dungeon Overview and Level Annotations

Branches:
Dungeon (5/15)
 Temple: D:4-7

Altars:

Annotations:
D:5 2 runed translucent doors


Message History

You see here a +0 dagger.
An orc comes into view. It is wielding a +0 flail.
The orc shouts!
You see here 7 stones.
An orc comes into view. It is wielding a +0 dagger.
The orc shouts!
A scorpion comes into view.
You reach to attack!
You hit the orc.
The orc is heavily wounded.
You barely miss the orc.
The orc is heavily wounded.
The orc hits you with a +0 flail.
A quokka comes into view.
You hit the orc.
You kill the orc!
The orc barely misses you.
You hit the orc.
The orc is heavily wounded.
The orc closely misses you.
You hit the orc.
You kill the orc!
The orc hits you with a +0 whip.
You barely miss the scorpion. The scorpion closely misses you.
The orc closely misses you.
You barely miss the scorpion. The scorpion stings you.
The orc hits you with a +0 whip.
You hit the scorpion but do no damage. The scorpion stings you.
The quokka bites you. The orc hits you with a +0 whip.
* * * LOW HITPOINT WARNING * * *
The scorpion closely misses you.
You are too injured to fight recklessly!
You are too injured to fight recklessly!
You are too injured to fight recklessly!
You are too injured to fight recklessly!
You are too injured to fight recklessly!
You barely miss the scorpion. The quokka closely misses you.
The orc hits you with a +0 whip.
* * * LOW HITPOINT WARNING * * *
The scorpion stings you.
You die...

#..# ##..##
#.######....##
#...........#
#....#>.[#....
#.## ##.)## .
#..(# ##..##
#..@#
##ros....#
#.......#
##...?..#
#.....##
#.....#
......#
......#


You could see a scorpion, an orc and a quokka.

Vanquished Creatures
  3 orcs (D:4)
3 creatures vanquished.

Notes
Turn   | Place    | Note
-------+----------+-------------------------------------------
     0 | D:5      | flotson the Demonspawn Delver began the quest for the Orb.
     0 | D:5      | Reached XP level 1. HP: 18/18 MP: 1/1
     3 | D:5      | Noticed an iguana
     4 | D:5      | Noticed a scorpion
    25 | D:5      | Noticed a gnoll bouda
    28 | D:5      | Noticed an iguana
    39 | D:5      | Noticed a scorpion
    44 | D:5      | Noticed an iguana
    48 | D:5      | Noticed an iguana
    48 | D:5      | Noticed a bullfrog
    52 | D:5      | Noticed an iguana
    54 | D:5      | Noticed an ogre
    55 | D:5      | Noticed an iguana
    56 | D:5      | Noticed an orc wizard
    58 | D:5      | Found a runed translucent gate.
    58 | D:5      | Found a runed translucent gate.
   143 | D:4      | Noticed a scorpion
   152 | D:4      | Slain by a scorpion

Illustrated notes

Levels and vault maps discovered:
D:4:      cheibrodos_pilgrimage, layout_layer_cave,
          minmay_temple_entry_sparse_star, serial_shops, kennysheep_mini
D:5:      layout_rooms, gammafunk_ghost_split, cheibrodos_sewer_entry_bend

Action                     || total
---------------------------++-------
  Melee: Spear             ||    24
    Use: Scroll            ||     1
         Potion            ||     1
 Armour: Leather armour    ||     2
  Dodge: Dodged            ||     9

Table legend: (Time is in decaauts)
 A = Elapsed time spent in this place.
 B = Non-inter-level travel time spent in this place.
 C = Inter-level travel time spent in this place.
 D = Time resting spent in this place.
 E = Time spent auto-exploring this place.
 F = Levels seen in this place.
 G = Mean time per level.
                   A        B        C        D        E       F      G
               +--------+--------+--------+--------+--------+-----+--------+
         Total |    134 |    134 |      0 |      0 |     37 |   2 |   67.0 |
       Dungeon |    134 |    134 |      0 |      0 |     37 |   2 |   67.0 |
               +--------+--------+--------+--------+--------+-----+--------+

Top non-repeatable levels by time:
     D:4: 79 daAuts
     D:5: 54 daAuts
